 Dungeon Crawl Stone Soup version 0.26-a0-227-g1af32d979d (webtiles) character file.

Game seed: 14673466815043905641

658959 BritishOli the Demonic Blade (level 27, 0/213 HPs)
             Began as a Demonspawn Gladiator on July 7, 2020.
             Was the Champion of Okawaru.
             Splashed by an acid blob's acid (8 damage)
             ... created by the Royal Jelly
             ... on level 4 of the Pits of Slime.
             The game lasted 04:14:24 (93418 turns).

BritishOli the Demonic Blade (DsGl)                Turns: 93418, Time: 04:14:29

Health: 0/213      AC: 21    Str: 37    XL:     27
Magic:  0/34       EV: 21    Int:  5    God:    Okawaru [******]
Gold:   5385       SH: 26    Dex: 18    Spells: 26/26 levels left

rFire    + + +     SeeInvis +   J - +4 long sword "Redgh" {vamp, MR- Str+9}
rCold    + + +     Faith    .   p - +2 shield of Resistance {rF+ rC+ MR+}
rNeg     + + +     Spirit   +   h - +1 crystal plate armour of Recklessness {rN+ MR+ rCorr Int-2}
rPois    +         Reflect  .   (helmet restricted)
rElec    +         Harm     .   N - +0 cloak {MR+}
rCorr    +         Rnd*Rage +   W - +2 pair of gloves {Dex+3}
MR       ++++.     Rnd*Tele +   (boots unavailable)
Stlth    ..........             C - amulet "Tiselu Ajeenn" {Acrobat rPois rC+ rN++ Dex-2}
HPRegen  0.45/turn              A - ring "Difrea Muil" {rF++ Str+6}
MPRegen  0.48/turn              L - ring "Aluhaac" {MP+9 SInv}

@: about to teleport, corroded
A: antennae 1, hooves 3, large bone plates 3, berserk 1, blurry vision 1, cold
resistance 1, deterioration 1, dopey 2, frail 1, high mp 1, icemail, negative
energy resistance 1, poison resistance, electricity resistance, 50% torment
resistance, teleportitis 1, weak 1, magic shield, magic regeneration, magic
link, no potion heal 1, black mark, freezing cloud immunity
}: 3/15 runes: barnacled, silver, gossamer
a: Heroism, Finesse, Renounce Religion


You were on level 4 of the Pits of Slime.
You worshipped Okawaru.
Okawaru was exalted by your worship.
You were not hungry.

You visited 12 branches of the dungeon, and saw 54 of its levels.
You also visited: Sewer and Ice Cave.

You collected 8104 gold pieces.
You spent 2719 gold pieces at shops.

Inventory:

Hand Weapons
 a - the +4 dagger of Eternal Harmony {vorpal, rPois Str+9 Int-4 Dex-5, unknown}
   (You found it on level 2 of the Crypt)

   It inflicts extra damage upon your enemies.
   It affects your strength (+9).
   It affects your intelligence (-4).
   It affects your dexterity (-5).
   It protects you from poison.
 e - the +8 demon blade "Leech" {vamp, *Rage +Rage rN+}
   (You found it on level 1 of the Tomb of the Ancients)

   It inflicts no extra harm, but heals its wielder when it wounds a living foe.
   It protects you from negative energy.
   It lets you go berserk.
   It may make you go berserk in combat.
 m - the +6 scimitar of Intimidation {antimagic, Str+2}
   (Okawaru gifted it to you on level 5 of the Pits of Slime)

   It reduces the magical energy of the wielder, and disrupts the spells and
   magical abilities of those hit.
   Natural abilities and divine invocations are not affected.
   It affects your strength (+2).
 J - the +4 long sword "Redgh" (weapon) {vamp, MR- Str+9}
   (You found it on level 4 of the Depths)

   It inflicts no extra harm, but heals its wielder when it wounds a living foe.
   It affects your strength (+9).
   It affects your resistance to hostile enchantments.
 R - a +4 demon blade of flaming
Missiles
 d - 13 throwing nets
 Z - 25 boomerangs of dispersal (quivered)
Armour
 h - the +1 crystal plate armour of Recklessness (worn) {rN+ MR+ rCorr Int-2}
   (Okawaru gifted it to you on level 3 of the Lair of Beasts)

   It affects your intelligence (-2).
   It protects you from negative energy.
   It affects your resistance to hostile enchantments.
   It provides partial protection from all sources of acid and corrosion.
 p - the +2 shield of Resistance (worn) {rF+ rC+ MR+}
   (You found it on level 10 of the Dungeon)

   It protects you from fire.
   It protects you from cold.
   It affects your resistance to hostile enchantments.
 I - the +0 helmet of the Swamp {Str+6 Int+2}
   (You bought it in a shop on level 2 of the Orcish Mines)

   It affects your strength (+6).
   It affects your intelligence (+2).
 N - a +0 cloak of magic resistance (worn)
 W - a +2 pair of gloves of dexterity (worn)
Jewellery
 b - the ring "Naosh" {rC+ rN+ SInv}
   (You acquired it on level 1 of the Tomb of the Ancients)

   [ring of see invisible]

   It protects you from cold.
   It protects you from negative energy.
   It lets you see invisible.
 A - the ring "Difrea Muil" (left hand) {rF++ Str+6}
   (You found it on level 4 of the Shoals)

   [ring of strength]

   It affects your strength (+6).
   It greatly protects you from fire.
 C - the amulet "Tiselu Ajeenn" (around neck) {Acrobat rPois rC+ rN++ Dex-2}
   (You bought it in a shop on level 15 of the Dungeon)

   [amulet of the acrobat]

   It helps you evade while moving and waiting.
   It affects your dexterity (-2).
   It protects you from cold.
   It protects you from poison.
   It greatly protects you from negative energy.
 L - the ring "Aluhaac" (right hand) {MP+9 SInv}
   (You took it off a deep elf sorcerer on level 3 of the Elven Halls)

   [ring of magical power]

   It affects your magic capacity (+9).
   It lets you see invisible.
Wands
 f - a wand of disintegration (53)
 v - a wand of iceblast (72)
 X - a wand of digging (12)
Scrolls
 c - a scroll of silence
 o - 17 scrolls of teleportation
 q - 13 scrolls of identify
 r - 16 scrolls of remove curse
 s - 8 scrolls of fog
 u - 15 scrolls of magic mapping
 x - 13 scrolls of enchant armour
 y - 9 scrolls of blinking
 B - 4 scrolls of fear
 K - 5 scrolls of enchant weapon
Potions
 g - 20 potions of curing
 i - 5 potions of haste
 k - a potion of stabbing
 l - 7 potions of flight
 n - 4 potions of berserk rage
 t - 6 potions of heal wounds
 w - 4 potions of invisibility
 D - 6 potions of cancellation
 E - 11 potions of might
 S - 6 potions of resistance
 Y - 5 potions of mutation
Miscellaneous
 j - 2 boxes of beasts
 z - a tin of tremorstones (3/3)
 F - a phial of floods
 H - 5 phantom mirrors
 M - a lightning rod (4/4)
Comestibles
 Q - 12 rations


   Skills:
 + Level 23.9 Fighting
 + Level 23.9 Long Blades
 - Level 4.5 Throwing
 + Level 22.5 Armour
 + Level 19.3 Dodging
 - Level 15.0 Shields


You had 26 spell levels left.
You didn't know any spells.
Your spell library contained the following spells:

 Spells                   Type           Power        Failure   Level
 Animate Skeleton         Necr           N/A          96%         1
 Apportation              Tloc           #.....       96%         1
 Beastly Appendage        Tmut           #.....       96%         1
 Corona                   Hex            #......      96%         1
 Foxfire                  Conj/Fire      #...         96%         1
 Infusion                 Chrm           #...         96%         1
 Magic Dart               Conj           #...         96%         1
 Sandblast                Erth           #.....       96%         1
 Shock                    Conj/Air       #...         96%         1
 Summon Butterflies       Summ           #.......     96%         1
 Summon Small Mammal      Summ           #...         96%         1
 Blink                    Tloc           N/A          99%         2
 Call Imp                 Summ           #.......     99%         2
 Ensorcelled Hibernation  Hex/Ice        #.....       99%         2
 Passwall                 Tmut/Erth      #.......     99%         2
 Poisonous Vapours        Pois/Air       #.....       99%         2
 Shroud of Golubria       Chrm/Tloc      #.....       99%         2
 Slow                     Hex            #.......     99%         2
 Song of Slaying          Chrm           #.......     99%         2
 Sticks to Snakes         Tmut           #.......     99%         2
 Sublimation of Blood     Necr           #.........   99%         2
 Swiftness                Chrm/Air       #.......     99%         2
 Call Canine Familiar     Summ           #.......     100%        3
 Confusing Touch          Hex            #.......     100%        3
 Conjure Flame            Conj/Fire      #.......     100%        3
 Dazzling Flash           Conj/Hex       #.....       100%        3
 Frozen Ramparts          Ice            #.....       100%        3
 Gell's Gravitas          Tloc           #.........   100%        3
 Ignite Poison            Fire/Tmut/Pois #.......     100%        3
 Inner Flame              Hex/Fire       #.......     100%        3
 Lesser Beckoning         Tloc           #.........   100%        3
 Mephitic Cloud           Conj/Pois/Air  #.......     100%        3
 Ozocubu's Armour         Chrm/Ice       #.......     100%        3
 Spectral Weapon          Hex/Chrm       #.......     100%        3
 Spider Form              Tmut/Pois      #.........   100%        3
 Static Discharge         Conj/Air       #.......     100%        3
 Stone Arrow              Conj/Erth      #.....       100%        3
 Summon Guardian Golem    Hex/Summ       #.......     100%        3
 Teleport Other           Tloc           #.......     100%        3
 Tukima's Dance           Hex            #.......     100%        3
 Airstrike                Air            #.........   100%        4
 Animate Dead             Necr           N/A          100%        4
 Cause Fear               Hex            #.........   100%        4
 Ice Form                 Ice/Tmut       #.......     100%        4
 Olgreb's Toxic Radiance  Pois           #.......     100%        4
 Passage of Golubria      Tloc           N/A          100%        4
 Petrify                  Tmut/Erth      #.......     100%        4
 Sticky Flame             Conj/Fire      #.......     100%        4
 Summon Ice Beast         Ice/Summ       #.......     100%        4
 Summon Lightning Spire   Summ/Air       #.......     100%        4
 Alistair's Intoxication  Tmut/Pois      #.......     100%        5
 Blade Hands              Tmut           #.........   100%        5
 Fireball                 Conj/Fire      #.........   100%        5
 Irradiate                Conj/Tmut      #.........   100%        5
 Lee's Rapid Deconstruct  Erth           #.........   100%        5
 Lightning Bolt           Conj/Air       #.........   100%        5
 Metabolic Englaciation   Hex/Ice        #.........   100%        5
 Silence                  Hex/Air        #.........   100%        5
 Summon Mana Viper        Hex/Summ       #.......     100%        5
 Yara's Violent Unravell  Hex/Tmut       #.........   100%        5
 Conjure Ball Lightning   Conj/Air       #.........   100%        6
 Darkness                 Hex            #.........   100%        6
 Eringya's Noxious Bog    Tmut/Pois      #.........   100%        6
 Freezing Cloud           Conj/Ice/Air   #.........   100%        6
 Invisibility             Hex            #.......     100%        6
 Ozocubu's Refrigeration  Ice            #.........   100%        6
 Simulacrum               Ice/Necr       #.........   100%        6
 Malign Gateway           Summ/Tloc      #.........   100%        7
 Monstrous Menagerie      Summ           #.........   100%        7
 Ring of Flames           Chrm/Fire      #.........   100%        7
 Summon Greater Demon     Summ           #.........   100%        7
 Summon Hydra             Summ           #.........   100%        7
 Chain Lightning          Conj/Air       #.........   100%        8
 Discord                  Hex            #.........   100%        8
 Ignition                 Fire           #.........   100%        8
 Lehudib's Crystal Spear  Conj/Erth      #.........   100%        8
 Summon Horrible Things   Summ           #.........   100%        8
 Absolute Zero            Ice            #.........   100%        9
 Fire Storm               Conj/Fire      #.........   100%        9
 Shatter                  Erth           #.........   100%        9
 Tornado                  Air            #.........   100%        9


Dungeon Overview and Level Annotations

Branches:
Dungeon (15/15)            Temple (0/1) D:7            Lair (6/6) D:10
 Shoals (4/4) Lair:3       Spider (4/4) Lair:4        Slime (5/5) Lair:5
    Orc (2/2) D:11            Elf (3/3) Orc:2        Vaults (5/5) D:14
  Crypt (3/3) Vaults:2       Tomb (1/3) Crypt:3      Depths (5/5) D:15
   Hell (visited)             Zot (0/5) Depths:5      Sewer (visited)
  IceCv (visited)
    Dis: Hell:1         Geh: Hell:1         Coc: Hell:1         Tar: Hell:1

Altars:
Cheibriados
Dithmenos
Hepliaklqana
Kikubaaqudgha
Nemelex Xobeh
Okawaru
Trog
Uskayaw
Vehumet
Wu Jian
Xom
Yredelemnul
Zin
The Shining One
Beogh

Shops:
D:4 !   D:5 =   D:6 *   D:8 !   D:9 (   D:12 !   D:15 ?(=   Orc:2 *?((
Elf:2 [   Shoals:1 (   Shoals:3 *[[   Vaults:5 ??%?   Depths:1 *=   Depths:2 *
Depths:3 =*=(

Portals:
Hell: Depths:1 Depths:2 Depths:3 Depths:4 Depths:5
Abyss: Depths:2 Depths:4 Depths:5
Pandemonium: Depths:1 Depths:3
Ziggurat: Depths:1

Annotations:
Slime:5 Royal Jelly
Elf:1 Roxanne
Vaults:3 2 runed translucent doors, Plog's ghost, adept DDFi
Hell Geryon


Innate Abilities, Weirdness & Mutations

You have hooves in place of feet.
You are completely covered in large bone plates. (SH +8)
Your flesh is cold resistant. (rC+)
A meltable icy envelope protects you from harm. (AC +10)
You resist negative energy. (rN+)
You are somewhat able to resist unholy torments (1 in 2 success).
When hurt, damage is shared between your health and your magic reserves.
You regenerate magic rapidly.
When low on magic, you restore magic in place of health.
Your melee attacks may debilitate your foes.
You are immune to freezing clouds.
You have a pair of small antennae on your head.
You tend to lose your temper in combat.
Scrolls take you a little longer to read.
Your body sometimes deteriorates upon taking damage.
You are very dopey. (Int -4)
You are frail. (-10% HP)
You have an increased reservoir of magic. (+10% MP)
Your system is resistant to poisons. (rPois)
You are resistant to electric shocks. (rElec)
You are occasionally teleported next to monsters.
You are weak. (Str -2)
Potions are less effective at restoring your health.


Message History

* * * LOW HITPOINT WARNING * * *
Unknown command.
Your system partially rejects the healing.
You feel better. The acid blob spits acid at you.
The splash of acid hits you but does no damage.
You are splashed with acid!
You resist.
* * * LOW HITPOINT WARNING * * *
The acid blob misses you. The acid blob spits acid at you.
The splash of acid hits you but does no damage.
You are splashed with acid.
You resist.
* * * LOW HITPOINT WARNING * * *
You block the azure jelly's attack. x2; The azure jelly closely misses you. x2
You block the azure jelly's attack. x2; The azure jelly completely misses you. x2
The acid blob spits acid at you. The splash of acid hits you. You resist.
* * * LOW HITPOINT WARNING * * *
You are splashed with acid!
You resist.
You die...

## ###.............# ##.##
#.##.#...##.......## #...##
.........#........## #...#
#.#..............#.## #....
##..#..........#...# ##...
##..................###....
#....................#.....
##......#.JJJ...............
#......#..J@......#.......#.
#....##....JJ.....#......##.
#.....#................##.##
#..........................#
#.........................##
#.........<...............##
#...#..............#........
##.#...#..#....#.........<..
###..#.....................


You could see 4 acid blobs and 2 azure jellies.

Vanquished Creatures
  Mennas (Depths:3)
  Mara (Spider:3)
  3 ancient liches
  A greater mummy (Tomb:1)
  Frederick (Vaults:1)
  Bai Suzhen (Spider:4)
  Margery (Vaults:2)
  8 caustic shrikes (Depths:5)
  Saint Roka (Vaults:2)
  The ghost of Fanwaunn the Brawler, a veteran TrMo of Hepliaklqana (Depths:1)
  Arachne (Spider:3)
  7 golden dragons
  Jory (Crypt:2)
  A bone dragon (Crypt:3)
  Rupert (Vaults:1)
  6 liches
  2 Tzitzimimeh
  2 titans (Vaults:5)
  6 tentacled monstrosities
  2 quicksilver dragons
  2 deep elf master archers (Elf:3)
  2 deep elf blademasters (Elf:3)
  Agnes (Spider:3)
  15 acid blobs
  9 sphinxes
  5 ancient champions
  5 shadow dragons (Vaults:5)
  Kirke (Spider:3)
  A draconian monk (Depths:5)
  Ilsuiw (Shoals:4)
  8 azure jellies
  3 storm dragons
  8 tengu reavers
  A revenant (Tomb:1)
  A draconian knight (Vaults:1)
  16 fire giants
  Donald (Shoals:3)
  12 frost giants
  6 ghost moths
  2 orc warlords
  8 vault wardens
  An iron dragon (Vaults:5)
  10 deep elf sorcerers
  3 curse skulls
  Aizul (Spider:3)
  3 emperor scorpions (Spider:4)
  A draconian scorcher (Depths:5)
  A cacodemon (Depths:1)
  An angel (Depths:1)
  Louise (Elf:3)
  5 war gargoyles
  7 ghouls
  5 deep elf elementalists
  13 ironheart preservers
  5 entropy weavers
  8 vampire knights
  2 grey draconians (Depths:5)
  41 very ugly things
  9 stone giants
  A red draconian (Depths:5)
  The ghost of Miritol the Cleaver, a journeyman HOFi of Beogh (Shoals:1)
  Nessos (Elf:1)
  9 deep elf demonologists
  The ghost of Leupn the Thaumaturge, a journeyman GnSk of Okawaru (Lair:3)
  2 yellow draconians (Depths:5)
  Azrael (D:12)
  A minotaur (Lair:3)
  9 deep elf annihilators
  6 spark wasps
  2 blizzard demons (Hell)
  Snorg (D:12)
  2 purple draconians (Depths:5)
  6 merfolk javelineers
  3 crystal guardians (Crypt:3)
  13 merfolk impalers
  An eidolon (Crypt:1)
  2 mummy priests (Tomb:1)
  9 deep elf death magi
  Josephine (D:13)
  18 ettins
  13 fire dragons
  8 jiangshi
  A death ooze (Slime:3)
  The ghost of Kiguq the Genius of the Arcane, a journeyman VSSu of Sif Muna (Lair:5)
  A quicksilver dragon zombie (Crypt:3)
  Fannar (Lair:2)
  10 great orbs of eyes
  10 ice dragons
  16 yaktaur captains
  5 spriggan air magi
  9 rakshasas
  Harold (Lair:2)
  32 vault guards
  The ghost of Morbidden the Covert, a journeyman GnBr of Jiyva (Lair:2)
  6 alligator snapping turtles
  4 deep elf high priests
  5 merfolk avatars
  A naga warrior (D:15)
  5 hydras
  A monstrous demonspawn (Depths:1)
  14 centaur warriors
  A two-headed ogre (shapeshifter) (Vaults:5)
  5 merfolk aquamancers
  5 death knights
  2 catoblepae
  14 ogre magi
  36 dancing weapons
  A queen ant (Spider:2)
  33 two-headed ogres
  5 deep troll shamans
  4 titan zombies
  28 death scarabs (Tomb:1)
  2 orc high priests
  7 vampire magi
  8 tengu warriors
  19 deep elf knights
  3 deep troll earth magi
  18 hell knights
  3 spriggan berserkers
  A titan skeleton (Crypt:3)
  Nergalle (Lair:2)
  The ghost of dvd2 the Zephyrmancer, a novice TeAE of Gozag (D:10)
  A sun demon (Depths:1)
  2 fire crabs (shapeshifter)
  A large abomination (Elf:3)
  2 sixfirhies
  2 storm dragon skeletons
  A golden dragon zombie (Crypt:1)
  2 shadow wraiths
  2 iron trolls (Depths:3)
  25 skeletal warriors
  2 small abominations (Elf:3)
  15 sea snakes
  18 deep trolls
  2 flayed ghosts
  An anaconda zombie (Crypt:3)
  A swamp dragon (Lair:6)
  6 glowing orange brains
  4 unseen horrors
  2 death drakes (shapeshifter)
  19 deep elf archers
  20 ironbrand convokers
  9 orc knights
  11 phantasmal warriors
  An orange crystal statue (D:9)
  An anaconda skeleton (Hell)
  7 wizards
  18 harpies
  9 necromancers
  2 shining eyes (shapeshifter) (Vaults:5)
  92 deep elf magi
  13 cyclopes
  11 orc sorcerers
  31 wolf spiders
  A salamander (Depths:3)
  A stone giant zombie (Crypt:1)
  12 orb spiders
  4 shining eyes
  2 fauns (Shoals:3)
  23 manticores
  66 ugly things
  3 centaur zombies
  A frost giant zombie (Crypt:1)
  15 merfolk sirens
  2 moths of wrath (Lair:2)
  5 water nymphs
  10 black mambas
  A dire elephant zombie (Tomb:1)
  A naga mage (D:15)
  3 eyes of devastation
  A guardian serpent (Lair:6)
  12 cane toads
  6 centaur skeletons
  2 ice statues (IceCv)
  3 torpor snails
  A dire elephant skeleton (Crypt:1)
  Psyche (D:12)
  A gargoyle (D:14)
  12 vault sentinels
  An orange demon (Hell)
  8 rime drakes
  2 rime drakes (shapeshifter)
  A redback zombie (D:15)
  3 guardian mummies (Tomb:1)
  10 komodo dragons
  45 yaktaurs
  A death yak skeleton (Crypt:1)
  An efreet (D:14)
  6 freezing wraiths
  4 kobold demonologists
  8 demonic crawlers
  2 ice devils
  38 merfolk
  A tormentor (Depths:1)
  30 jumping spiders
  A tengu conjurer (Depths:3)
  12 polar bears (IceCv)
  6 trolls
  A wolf spider simulacrum (D:10)
  A jumping spider (shapeshifter) (Vaults:3)
  13 hornets
  4 wind drakes
  A hydra skeleton (Tomb:1)
  10 dream sheep
  An ettin zombie (Crypt:1)
  2 bog bodies (Crypt:2)
  2 fire dragon zombies
  A wind drake (shapeshifter) (D:14)
  15 blink frogs
  17 hippogriffs
  An alligator zombie (Hell)
  A death drake skeleton (Crypt:2)
  23 flying skulls (Crypt:3)
  86 slime creatures
  13 snapping turtles
  3 ice dragon zombies
  3 centaur simulacra
  A stone giant simulacrum (Crypt:1)
  81 redbacks
  An alligator skeleton (Hell)
  2 ushabtiu (Tomb:1)
  An ice dragon skeleton (Crypt:1)
  2 shadows
  2 air elementals (Elf:3)
  A satyr skeleton (Crypt:2)
  A ynoxinul (Depths:1)
  30 tarantellas
  13 wraiths
  6 spriggans
  A vampire (D:11)
  A black mamba zombie (Crypt:1)
  A human (D:9)
  16 water elementals
  3 basilisks
  15 wyverns
  52 yaks
  A fire dragon skeleton (Crypt:1)
  2 fire bats (D:7)
  A golden eye (shapeshifter) (Vaults:4)
  7 golden eyes
  A hog (shapeshifter) (Vaults:3)
  A steam dragon (Lair:6)
  9 vampire mosquitoes
  3 fire elementals
  9 hogs
  7 wargs
  A naga (D:15)
  3 cane toad zombies
  9 acid dragons
  A monstrous demonspawn zombie (Crypt:1)
  2 two-headed ogre zombies
  18 soldier ants (Spider:2)
  5 floating eyes
  7 hell hounds
  A soldier ant (shapeshifter) (Elf:3)
  Duvessa (D:4)
  29 water moccasins
  3 black bears
  4 swamp drakes
  A spectral hornet (D:10)
  Purgy (Sewer)
  10 porcupines
  3 sky beasts
  2 ice beasts
  2 hornet zombies
  37 orc warriors
  4 phantoms
  35 ogres
  2 eyes of draining (shapeshifter)
  7 eyes of draining
  14 necrophages
  26 wolves
  A snapping turtle skeleton (Crypt:1)
  7 crocodiles
  11 centaurs
  An elf zombie (Crypt:1)
  3 big kobolds
  11 bullfrogs
  A rime drake skeleton (Crypt:2)
  A wyvern zombie (D:11)
  6 earth elementals
  Dowan (D:4)
  4 scorpions
  A wyvern skeleton (Crypt:2)
  15 killer bees
  5 wights
  A wolf zombie (Crypt:2)
  A spectral bullfrog (D:10)
  2 human simulacra (Vaults:3)
  A crimson imp (Orc:1)
  7 jellies
  2 quasits
  3 bullfrog zombies
  3 hounds
  35 orc priests
  4 bullfrog skeletons
  An iron imp (Orc:1)
  12 iguanas
  44 orc wizards
  31 worker ants
  A porcupine skeleton (Crypt:2)
  A killer bee zombie (D:7)
  A dwarf zombie (Crypt:2)
  A hound zombie (D:9)
  A hound skeleton (D:4)
  20 mummies (Tomb:1)
  A worker ant zombie (D:11)
  18 adders
  4 gnolls (Orc:1)
  A howler monkey skeleton (D:6)
  A river rat (shapeshifter) (Elf:2)
  A shadow imp (Orc:1)
  17 white imps
  4 ufetubi
  3 worms
  2 dart slugs (D:1)
  4 leopard geckos
  108 orcs
  8 bats
  A bat skeleton (Crypt:2)
  2 giant cockroaches (D:4)
  4 goblins
  5 hobgoblins
  2 jackals (Sewer)
  24 kobolds
  3 quokkas
  2 frilled lizards (D:1)
  A giant cockroach zombie (D:4)
  A jackal zombie (D:6)
  A quokka zombie (D:6)
  15 rats
  A rat skeleton (Crypt:1)
  2 crawling corpses (Elf:3)
  6 plants
2586 creatures vanquished.

Vanquished Creatures (others)
  A storm dragon (Depths:4)
  A red draconian (Depths:5)
  A deep elf knight (Elf:2)
  A deep elf archer (Elf:2)
  A centaur skeleton (D:14)
  4 yaktaurs (Depths:4)
  A redback (Spider:2)
  An orc warrior (Vaults:2)
  An ogre (Vaults:5)
  An orc wizard (Vaults:4)
  5 orcs
  32 fungi (Lair:6)
  53 plants
103 creatures vanquished.

Grand Total: 2689 creatures vanquished

Notes
Turn   | Place    | Note
-------+----------+-------------------------------------------
     0 | D:1      | BritishOli the Demonspawn Gladiator began the quest for the
                  | Orb.
     0 | D:1      | Reached XP level 1. HP: 16/16 MP: 1/1
    11 | D:1      | Noticed a minotaur skeleton
   212 | D:1      | Gained mutation: You have large cloven feet. [demonic
                  | ancestry]
   212 | D:1      | Reached XP level 2. HP: 21/22 MP: 2/2
   816 | D:2      | Reached XP level 3. HP: 28/28 MP: 3/3
   999 | D:2      | Reached skill level 1 in Armour
  1094 | D:2      | Gained mutation: When hurt, damage is shared between your
                  | health and your magic reserves. [demonic ancestry]
  1094 | D:2      | Reached XP level 4. HP: 34/34 MP: 4/4
  1216 | D:2      | Found a basalt altar of Yredelemnul.
  1389 | D:3      | Noticed an ogre
  2035 | D:3      | Found a shadowy altar of Dithmenos.
  2148 | D:3      | Reached XP level 5. HP: 35/40 MP: 5/5
  2170 | D:3      | Killed an ogre
  2489 | D:4      | Gained mutation: Your flesh is cold resistant. (rC+)
                  | [demonic ancestry]
  2489 | D:4      | Reached XP level 6. HP: 37/47 MP: 4/6
  2498 | D:4      | Found an iron altar of Okawaru.
  2525 | D:4      | Became a worshipper of Warmaster Okawaru
  2592 | D:4      | Found Jehosa's Distillery.
  2684 | D:4      | Found a glowing drain.
  2688 | Sewer    | Entered a sewer
  2836 | Sewer    | Noticed Purgy
  2847 | Sewer    | Killed Purgy
  3023 | D:4      | Bought a potion of heal wounds for 55 gold pieces
  3023 | D:4      | Bought a potion of curing for 33 gold pieces
  3175 | D:4      | Reached * piety under Okawaru
  3181 | D:4      | Noticed a sky beast
  3295 | D:4      | Gained mutation: You are immune to freezing clouds.
                  | [demonic ancestry]
  3295 | D:4      | Reached XP level 7. HP: 51/53 MP: 7/7
  3669 | D:4      | Found a glowing golden altar of the Shining One.
  3691 | D:5      | Entered Level 5 of the Dungeon
  3778 | D:5      | Found Judar's Jewellery Emporium.
  4356 | D:6      | Noticed Duvessa
  4356 | D:6      | Noticed Dowan
  4358 | D:6      | Found a hide-covered altar of Uskayaw.
  4372 | D:5      | Reached ** piety under Okawaru
  4980 | D:6      | Gained mutation: You regenerate magic rapidly. [demonic
                  | ancestry]
  4980 | D:6      | Reached XP level 8. HP: 39/59 MP: 8/8
  5105 | D:6      | Found a snail-covered altar of Cheibriados.
  5261 | D:6      | Found Ucveuro's Assorted Antiques.
  5786 | D:6      | Reached skill level 5 in Dodging
  5875 | D:7      | Reached skill level 5 in Fighting
  5994 | D:7      | Reached skill level 5 in Long Blades
  7257 | D:7      | Found a staircase to the Ecumenical Temple.
  7433 | D:7      | Found a transporter.
  7481 | D:7      | Found a transporter.
  7785 | D:7      | Reached *** piety under Okawaru
  7785 | D:7      | Reached XP level 9. HP: 19/66 MP: 9/9
  8341 | D:8      | Found Zothregg's Distillery.
  8749 | D:8      | Noticed a two-headed ogre
  8992 | D:8      | Found a glowing silver altar of Zin.
  8992 | D:8      | Found an ornate altar of the Wu Jian Council.
  8997 | D:8      | Found a shimmering altar of Xom.
  8999 | D:8      | Found a sparkling altar of Nemelex Xobeh.
  9001 | D:8      | Found a radiant altar of Vehumet.
  9118 | D:9      | Reached skill level 5 in Armour
  9133 | D:9      | Received a gift from Okawaru
  9263 | D:9      | Found Epala's Antique Weapon Shoppe.
  9598 | D:9      | Noticed an orange crystal statue
 10055 | D:9      | Reached **** piety under Okawaru
 10143 | D:9      | Gained mutation: When low on magic, you restore magic in
                  | place of health. [demonic ancestry]
 10143 | D:9      | Reached XP level 10. HP: 74/75 MP: 10/10
 10517 | D:10     | Entered Level 10 of the Dungeon
 11212 | D:8      | Noticed a guardian serpent
 11212 | D:8      | a troll changed into a guardian serpent
 11849 | D:10     | Reached ***** piety under Okawaru
 11954 | D:10     | Found a runed translucent gate.
 11954 | D:10     | Found a runed translucent gate.
 11954 | D:10     | Found a runed translucent gate.
 11965 | D:10     | Noticed dvd2's ghost (novice TeAE)
 12010 | D:10     | Noticed a fire dragon
 12674 | D:7      | Got a pair of masterwork gloves
 12679 | D:7      | Identified the Catalogue of Lightness and Snow
 12693 | D:7      | Identified the cursed +0 pair of gloves of Naleodgho
                  | {*Corrode rPois rN+++ Int+3} (You found it on level 7 of
                  | the Dungeon)
 12849 | D:6      | Killed a two-headed ogre
 13011 | D:4      | Killed Duvessa
 13023 | D:4      | Killed Dowan
 13500 | D:10     | Killed a fire dragon
 13500 | D:10     | Received a gift from Okawaru
 13500 | D:10     | Gained mutation: You are partially covered in large bone
                  | plates. (SH +4) [demonic ancestry]
 13500 | D:10     | Reached XP level 11. HP: 32/86 MP: 8/11
 13867 | D:10     | Killed an unseen horror
 14106 | D:10     | Found a staircase to the Lair.
 14124 | D:10     | Noticed an ice dragon
 14124 | D:10     | Noticed an ice dragon
 14125 | D:10     | Noticed a fire dragon
 14125 | D:10     | Noticed a fire dragon
 14127 | D:10     | Found a runed translucent door.
 14127 | D:10     | Found a runed translucent door.
 14128 | D:10     | Found the +2 shield of Resistance {rF+ rC+ MR+}
 14707 | Lair:1   | Entered Level 1 of the Lair of Beasts
 15167 | Lair:1   | Reached skill level 10 in Long Blades
 16100 | D:11     | Found a staircase to the Orcish Mines.
 16108 | D:11     | Noticed a four-headed hydra
 16108 | D:11     | Noticed a two-headed ogre
 16683 | D:10     | Killed a one-headed hydra
 16683 | D:10     | Received a gift from Okawaru
 16797 | D:11     | Killed a two-headed ogre
 17785 | D:11     | Received a gift from Okawaru
 17973 | D:12     | Noticed Azrael
 18414 | Lair:1   | Reached XP level 12. HP: 85/94 MP: 12/12
 19975 | Lair:2   | Noticed Fannar
 19989 | Lair:2   | Killed Fannar
 20069 | Lair:2   | Noticed Nergalle
 20080 | Lair:2   | Killed Nergalle
 20135 | Lair:2   | Reached ****** piety under Okawaru
 20266 | Lair:2   | Found the +6 lightning scales {run, rElec}
 20482 | Lair:2   | Found a hazy altar of Hepliaklqana.
 20510 | Lair:2   | Found a transporter.
 20517 | Lair:2   | Found a bloodstained altar of Trog.
 20517 | Lair:2   | Noticed Morbidden's ghost (journeyman GnBr)
 20517 | Lair:2   | Identified the +11 trident of the Crushing Shark {holy,
                  | Str+9 Int+3 Dex+4}
 20518 | Lair:2   | Identified the +4 trident of Psychosis {chaos, +Blink rElec
                  | rPois}
 20578 | Lair:2   | Gained mutation: You have a pair of small antennae on your
                  | head. [potion of mutation]
 20578 | Lair:2   | Gained mutation: Your flesh is heat resistant. (rF+)
                  | [potion of mutation]
 20617 | Lair:2   | Found a transporter.
 20723 | Lair:3   | Found a frozen archway.
 20745 | IceCv    | Entered an ice cave
 20750 | IceCv    | Received a gift from Okawaru
 20764 | IceCv    | Got a crude halberd {god gift}
 20766 | IceCv    | Identified the +0 halberd of Disorder {vorpal, rPois rF+
                  | Str+4 Int+2} (Okawaru gifted it to you in an ice cave)
 20884 | IceCv    | Reached skill level 10 in Fighting
 21473 | IceCv    | Noticed a frost giant
 21530 | IceCv    | Killed a frost giant
 21538 | IceCv    | Received a gift from Okawaru
 21740 | IceCv    | Reached XP level 13. HP: 77/102 MP: 13/13
 23299 | Lair:3   | Found a runed translucent gate.
 23299 | Lair:3   | Found a runed translucent gate.
 23299 | Lair:3   | Found a runed translucent gate.
 23480 | Lair:3   | Received a gift from Okawaru
 23503 | Lair:3   | Found a staircase to the Shoals.
 23559 | Lair:3   | Noticed a minotaur
 23559 | Lair:3   | Noticed Leupn's ghost (journeyman GnSk)
 23666 | Lair:3   | Identified a scroll of acquirement
 23668 | Lair:3   | Got the +10 triple sword "Sanizim" {vorpal, rF++ rC- rN+
                  | Str+4}
 23836 | D:10     | Reached skill level 10 in Dodging
 24195 | D:10     | Killed a fire dragon
 24329 | D:10     | Killed a fire dragon
 24476 | D:10     | Killed dvd2's ghost
 25287 | D:12     | Found Rawudieg's Distillery.
 25389 | D:12     | Noticed Snorg
 25412 | D:12     | Killed Snorg
 25508 | D:12     | Killed Azrael
 25508 | D:12     | Reached skill level 10 in Armour
 25753 | D:12     | Noticed Psyche
 25757 | D:12     | Killed Psyche
 25933 | D:12     | Found the ring of the Octopus King
 25942 | D:12     | Found a runed translucent door.
 25980 | D:12     | Got a bound ivory ring
 25985 | D:12     | Identified the ring "Koceh" {rN++ Int+3 Stlth-} (You found
                  | it on level 12 of the Dungeon)
 25988 | D:12     | Got a ring of the Octopus King
 25990 | D:12     | Identified a ring of the Octopus King {Wiz AC+1 EV+1 Str+1
                  | Int+1 Dex+1} (You found it on level 12 of the Dungeon)
 26140 | D:12     | Got a warped mace
 26143 | D:12     | Got a brightly glowing troll leather armour
 26149 | D:12     | Identified the +4 mace "Idyrrien" {flame, rElec Int-2
                  | Stlth+} (You found it on level 12 of the Dungeon)
 26156 | D:12     | Identified the +1 troll leather armour of Hubris {*Drain
                  | Regen+ Dex+7 SInv Stlth-} (You found it on level 12 of the
                  | Dungeon)
 26190 | D:12     | Bought a potion of heal wounds for 70 gold pieces
 26190 | D:12     | Bought a potion of curing for 42 gold pieces
 26190 | D:12     | Bought a potion of heal wounds for 70 gold pieces
 26190 | D:12     | Bought a potion of curing for 42 gold pieces
 26190 | D:12     | Bought 2 potions of curing for 84 gold pieces
 26971 | Lair:3   | Killed Leupn's ghost
 26971 | Lair:3   | Received a gift from Okawaru
 26974 | Lair:3   | Got a bloodstained crystal plate armour {god gift}
 26985 | Lair:3   | Identified the +1 crystal plate armour of Recklessness {rN+
                  | MR+ rCorr Int-2} (Okawaru gifted it to you on level 3 of
                  | the Lair of Beasts)
 27230 | Lair:4   | Gained mutation: You have hoof-like feet. [demonic
                  | ancestry]
 27230 | Lair:4   | Reached XP level 14. HP: 77/112 MP: 14/14
 27779 | Lair:4   | Found a hole to the Spider Nest.
 28915 | Lair:5   | Found a staircase to the Slime Pits.
 29357 | Lair:5   | Found a runed translucent gate.
 29357 | Lair:5   | Found a runed translucent gate.
 29357 | Lair:5   | Found a runed translucent gate.
 29362 | Lair:5   | Noticed Kiguq's ghost (journeyman VSSu)
 29374 | Lair:5   | Killed Kiguq's ghost
 29648 | Lair:6   | Entered Level 6 of the Lair of Beasts
 30648 | Lair:6   | Received a gift from Okawaru
 30655 | Lair:6   | Got a polished triple sword {god gift}
 30656 | Lair:6   | Identified the +5 triple sword of the Jester {speed, rC-
                  | Str+4 Int+2} (Okawaru gifted it to you on level 6 of the
                  | Lair of Beasts)
 32027 | Lair:6   | Received a gift from Okawaru
 32183 | Lair:6   | Reached skill level 15 in Long Blades
 32664 | Orc:1    | Entered Level 1 of the Orcish Mines
 32912 | Orc:1    | Found a roughly hewn altar of Beogh.
 33220 | Orc:1    | Reached XP level 15. HP: 94/122 MP: 15/15
 33692 | Orc:2    | Entered Level 2 of the Orcish Mines
 33693 | Orc:2    | Noticed an orc warlord
 33967 | Orc:1    | Killed an orc warlord
 34160 | Orc:2    | Noticed Nessos
 34196 | Orc:2    | Found a staircase to the Elven Halls.
 34205 | Elf:1    | Entered Level 1 of the Elven Halls
 34565 | Elf:1    | Killed Nessos
 35173 | Orc:2    | Received a gift from Okawaru
 35489 | Orc:2    | Found Wotuot's Weapon Emporium.
 35489 | Orc:2    | Found Qesat's Assorted Antiques.
 35489 | Orc:2    | Found Peguimefu's Antique Weapon Emporium.
 35492 | Orc:2    | Found Kyzanoam's Magic Scroll Shoppe.
 35604 | Orc:2    | Bought a scroll of magic mapping for 140 gold pieces
 36276 | D:13     | Received a gift from Okawaru
 36987 | D:13     | Noticed Josephine
 36998 | D:13     | Killed Josephine
 37740 | D:14     | Received a gift from Okawaru
 38266 | D:14     | Found a gate to the Vaults.
 38587 | D:15     | Entered Level 15 of the Dungeon
 38723 | D:15     | Received a gift from Okawaru
 39320 | D:15     | Paralysed by a floating eye for 2 turns
 39326 | D:15     | Received a gift from Okawaru
 39329 | D:15     | Got a brightly glowing double sword {god gift}
 39330 | D:15     | Identified the +6 double sword of the Dead {freeze, rF++}
                  | (Okawaru gifted it to you on level 15 of the Dungeon)
 39768 | D:15     | Reached skill level 1 in Shields
 39768 | D:15     | Gained mutation: A meltable icy envelope protects you from
                  | harm. (AC +10) [demonic ancestry]
 39768 | D:15     | Reached XP level 16. HP: 127/131 MP: 16/16
 39938 | D:15     | Found a staircase to the Depths.
 40335 | D:15     | Got a scorched brass ring
 40337 | D:15     | Identified the ring of Divine Compulsion {rPois Str+6} (You
                  | found it on level 15 of the Dungeon)
 40391 | D:15     | Found Leatt's Magic Scroll Emporium.
 40536 | D:15     | Paralysed by a floating eye for 3 turns
 40542 | D:15     | Paralysed by a floating eye for 2 turns
 40577 | D:15     | Received a gift from Okawaru
 40731 | D:15     | Got a wavering ivory ring
 40733 | D:15     | Identified the ring "Dysiziqige" {rC+ rN+ MR- rCorr MP+9}
                  | (You found it on level 15 of the Dungeon)
 40849 | D:15     | Found Vaudexudgh's Antique Weapon Shop.
 40891 | D:15     | Got a clouded iron ring
 40893 | D:15     | Identified the ring "Muenn" {+Fly Int+2} (You found it on
                  | level 15 of the Dungeon)
 41025 | D:15     | Found Omoelae's Jewellery Emporium.
 41044 | D:15     | Bought the amulet "Tiselu Ajeenn" {Acrobat rPois rC+ rN++
                  | Dex-2} for 763 gold pieces
 41418 | Depths:1 | Entered Level 1 of the Depths
 41675 | Elf:1    | Reached skill level 5 in Shields
 41693 | Orc:2    | Received a gift from Okawaru
 41694 | Orc:2    | Got an encrusted triple sword {god gift}
 41695 | Orc:2    | Identified the +4 triple sword of Linearity {flame, rElec
                  | SInv} (Okawaru gifted it to you on level 2 of the Orcish
                  | Mines)
 42321 | Elf:1    | Found an ancient bone altar of Kikubaaqudgha.
 42544 | Elf:1    | Received a gift from Okawaru
 42954 | Elf:1    | Noticed Roxanne
 43109 | Elf:1    | Got a smoking short sword
 43112 | Elf:1    | Identified the +10 short sword of Prudence {drain, +Rage
                  | Dex+3} (You found it on level 1 of the Elven Halls)
 43767 | Elf:2    | Found Zal Ynt's Antique Armour Boutique.
 43832 | Elf:2    | Gained mutation: You have hooves in place of feet. [demonic
                  | ancestry]
 43832 | Elf:2    | Reached XP level 17. HP: 127/138 MP: 15/17
 43970 | Elf:2    | Received a gift from Okawaru
 45294 | Elf:2    | Found a runed translucent gate.
 45294 | Elf:2    | Found a runed translucent gate.
 45295 | Elf:2    | Found a runed translucent gate.
 46270 | Elf:2    | Received a gift from Okawaru
 46525 | Elf:3    | Entered Level 3 of the Elven Halls
 46555 | Elf:3    | Noticed Louise
 46588 | Elf:3    | Killed Louise
 47008 | Elf:3    | Got the amulet of Insomnia {+Inv rPois MR++ Regen+ Stlth-}
 47309 | Elf:3    | Reached skill level 15 in Fighting
 47609 | Elf:3    | Noticed a deep elf blademaster
 47632 | Elf:3    | Noticed a Tzitzimitl
 47637 | Elf:3    | Noticed a deep elf blademaster
 47677 | Elf:3    | HP: 7/142 [deep elf annihilator/bolt of lightning (14)]
 48322 | Shoals:1 | Entered Level 1 of the Shoals
 49226 | Spider:1 | Entered Level 1 of the Spider Nest
 49716 | Spider:1 | Reached skill level 10 in Shields
 49960 | Spider:2 | Reached XP level 18. HP: 145/149 MP: 16/18
 50641 | Spider:2 | Got the +1 hat of Sorcery {rN+ Dex+6}
 51142 | Spider:2 | Received a gift from Okawaru
 51184 | Spider:2 | Got a glimmering flail
 51447 | Spider:3 | Noticed Kirke
 51480 | Spider:3 | Killed Kirke
 51719 | Spider:3 | Noticed Aizul
 51737 | Spider:3 | Killed Aizul
 52024 | Spider:4 | Entered Level 4 of the Spider Nest
 52029 | Spider:4 | Noticed Arachne
 52029 | Spider:4 | Noticed Mara
 52055 | Spider:3 | Killed Arachne
 52370 | Spider:3 | Noticed BritishOli's illusion
 52394 | Spider:3 | Killed Mara
 52690 | Spider:4 | Noticed Agnes
 52738 | Spider:3 | Killed Agnes
 52738 | Spider:3 | Reached skill level 15 in Armour
 53193 | Spider:4 | Noticed Bai Suzhen
 53215 | Spider:4 | Killed Bai Suzhen
 53511 | Spider:4 | Received a gift from Okawaru
 53515 | Spider:4 | Got a pitted chain mail {god gift}
 54374 | Spider:4 | Identified the +4 chain mail of Grace {Str+2 Stlth+}
                  | (Okawaru gifted it to you on level 4 of the Spider Nest)
 54831 | Slime:1  | Entered Level 1 of the Pits of Slime
 55507 | D:10     | Lost mutation: Your flesh is heat resistant. (rF+) [potion
                  | of mutation]
 55507 | D:10     | Lost mutation: You have a pair of small antennae on your
                  | head. [potion of mutation]
 55507 | D:10     | Gained mutation: You are dopey. (Int -2) [potion of
                  | mutation]
 55507 | D:10     | Gained mutation: You are agile. (Dex +2) [potion of
                  | mutation]
 55507 | D:10     | Gained mutation: You have an increased reservoir of magic.
                  | (+10% MP) [potion of mutation]
 55652 | Depths:1 | Reached XP level 19. HP: 158/159 MP: 12/20
 55702 | Depths:1 | Found a runed translucent door.
 55702 | Depths:1 | Found a shimmering altar of Xom.
 55702 | Depths:1 | Noticed Fanwaunn's ghost (veteran TrMo)
 55702 | Depths:1 | Identified the +9 scythe of Resumed Hostilities {chaos, rN+
                  | MR++ Int+4 Stlth-}
 55835 | Depths:1 | Found a gateway to a ziggurat.
 56188 | Depths:1 | Found a gateway to Hell.
 56263 | Depths:1 | Found a one-way gate leading to the halls of Pandemonium.
 57265 | Depths:1 | Found Tireir's Blood Bar.
 57364 | Depths:1 | Found Ceroseor's Jewellery Shop.
 57367 | Depths:1 | Bought the ring of Xom's Whim {MP+9 Slay+4} for 569 gold
                  | pieces
 57589 | Depths:2 | Received a gift from Okawaru
 57607 | Depths:2 | Noticed a lich
 57622 | Depths:2 | Killed a lich
 59114 | Depths:1 | Received a gift from Okawaru
 59242 | Depths:2 | Identified the +9 scimitar of the Middle {holy, +Fly rPois
                  | Stlth-}
 59396 | Depths:2 | Received a gift from Okawaru
 59617 | Depths:2 | Gained mutation: You are mostly covered in large bone
                  | plates. (SH +6) [demonic ancestry]
 59617 | Depths:2 | Reached XP level 20. HP: 166/170 MP: 22/22
 59674 | Depths:2 | Found Hittik's General Store.
 59678 | Depths:2 | Bought a ration for 80 gold pieces
 59678 | Depths:2 | Bought a ration for 80 gold pieces
 59801 | Depths:2 | Identified the Guide on Helpful Confrontation
 60010 | Depths:2 | Found a one-way gate to the infinite horrors of the Abyss.
 61325 | Depths:3 | Received a gift from Okawaru
 61532 | Depths:3 | Paralysed by a floating eye for 3 turns
 61698 | Depths:3 | Found Lerek's Weapon Shoppe.
 61698 | Depths:3 | Found Esikkauch's Jewellery Emporium.
 61710 | Depths:3 | Found Kywkudupn's Jewellery Shoppe.
 61713 | Depths:3 | Found Naemy's Assorted Antiques.
 62324 | Depths:3 | Received a gift from Okawaru
 63402 | Depths:4 | Noticed Mennas
 63641 | Depths:3 | Killed Mennas
 63641 | Depths:3 | Reached skill level 15 in Shields
 64263 | Lair:2   | Killed Morbidden's ghost
 64399 | Lair:2   | Noticed Harold
 64409 | Lair:2   | Killed Harold
 65513 | Depths:4 | Gained mutation: You resist negative energy. (rN+) [demonic
                  | ancestry]
 65513 | Depths:4 | Reached XP level 21. HP: 177/177 MP: 23/23
 65695 | Depths:4 | Noticed a golden dragon
 65704 | Depths:4 | Killed a golden dragon
 65704 | Depths:4 | Received a gift from Okawaru
 66139 | Depths:4 | Got a steaming long sword
 66140 | Depths:4 | Identified the +4 long sword "Redgh" {vamp, MR- Str+9} (You
                  | found it on level 4 of the Depths)
 66424 | Depths:5 | Entered Level 5 of the Depths
 66479 | Depths:5 | Noticed a golden dragon
 66497 | Depths:5 | Killed a golden dragon
 66497 | Depths:5 | Received a gift from Okawaru
 66502 | Depths:5 | Got a translucent tower shield {god gift}
 66514 | Depths:5 | Identified the +1 tower shield "Otrelaffo" {rC+ Regen+
                  | rCorr} (Okawaru gifted it to you on level 5 of the Depths)
 66600 | Depths:5 | Noticed a caustic shrike
 66608 | Depths:5 | Killed a caustic shrike
 66609 | Depths:5 | Noticed a caustic shrike
 66610 | Depths:5 | Noticed a caustic shrike
 66612 | Depths:5 | Noticed a caustic shrike
 66620 | Depths:5 | Killed a caustic shrike
 66635 | Depths:5 | Killed a caustic shrike
 66668 | Depths:5 | Killed a caustic shrike
 67050 | Depths:5 | Noticed a golden dragon
 67068 | Depths:5 | Killed a golden dragon
 67088 | Depths:5 | Found a gate to the Realm of Zot.
 67275 | Depths:5 | Noticed a caustic shrike
 67288 | Depths:5 | Killed a caustic shrike
 67294 | Depths:5 | Noticed a caustic shrike
 67295 | Depths:5 | Noticed a caustic shrike
 67298 | Depths:5 | Noticed a caustic shrike
 67326 | Depths:5 | HP: 8/179 [caustic shrike (7)]
 67909 | Depths:5 | Killed a caustic shrike
 67924 | Depths:5 | Killed a caustic shrike
 67924 | Depths:5 | Received a gift from Okawaru
 67933 | Depths:5 | Killed a caustic shrike
 68869 | Elf:3    | Received a gift from Okawaru
 68896 | Elf:3    | Gained mutation: You are completely covered in large bone
                  | plates. (SH +8) [demonic ancestry]
 68896 | Elf:3    | Reached XP level 22. HP: 163/190 MP: 24/24
 69040 | Elf:3    | Identified the +9 mace "Orb Guardian's Death" {flame, Str+4
                  | Int+4}
 69324 | Elf:3    | Identified the +9 whip of Blood-Lust {vorpal, +Blink MR+
                  | Dex+3 Stlth+}
 69324 | Elf:3    | Identified the ring "Aluhaac" {MP+9 SInv}
 69340 | Elf:3    | Received a gift from Okawaru
 69778 | Elf:3    | Identified the Tome of Darkness and Intoxication
 70116 | Orc:2    | Bought a faintly humming helmet for 380 gold pieces
 70126 | Orc:2    | Identified the cursed +0 helmet of the Swamp {Str+6 Int+2}
                  | (You bought it in a shop on level 2 of the Orcish Mines)
 70682 | Spider:4 | Got a gossamer rune of Zot
 71181 | Shoals:1 | Found Xixkant's Antique Weapon Shop.
 71343 | Shoals:1 | Found a transporter.
 71348 | Shoals:1 | Found a transporter.
 71348 | Shoals:1 | Noticed Miritol's ghost (journeyman HOFi)
 71447 | Shoals:1 | Got a bloodstained shortbow
 71737 | Shoals:1 | Received a gift from Okawaru
 71752 | Shoals:1 | Killed Miritol's ghost
 72106 | Shoals:2 | Received a gift from Okawaru
 72574 | Shoals:2 | Reached skill level 15 in Dodging
 73016 | Shoals:3 | Found Vorifijae's Armour Shoppe.
 73221 | Shoals:3 | Noticed Donald
 73254 | Shoals:3 | Killed Donald
 73362 | Shoals:3 | Found Migeumm's Armour Emporium.
 73545 | Shoals:3 | Found Xamassaof's General Store.
 73783 | Shoals:4 | Entered Level 4 of the Shoals
 73923 | Shoals:4 | Found the +5 robe of Misfortune {*Contam Harm *Corrode
                  | *Drain *Slow EV+5}
 74032 | Shoals:4 | Got a bound turquoise ring
 74093 | Shoals:4 | Identified the ring "Difrea Muil" {rF++ Str+6} (You found
                  | it on level 4 of the Shoals)
 74167 | Shoals:3 | Bought a +0 cloak of magic resistance for 184 gold pieces
 74301 | Shoals:4 | Reached XP level 23. HP: 143/199 MP: 24/25
 74484 | Shoals:4 | Got a barnacled rune of Zot
 74857 | Shoals:4 | Noticed Ilsuiw
 74876 | Shoals:4 | Killed Ilsuiw
 75348 | Vaults:1 | Entered Level 1 of the Vaults
 75403 | Vaults:1 | Received a gift from Okawaru
 75622 | Vaults:1 | Got an ichor-stained glaive
 75979 | Vaults:1 | Noticed Frederick
 75980 | Vaults:1 | Noticed Rupert
 76009 | Vaults:1 | Killed Rupert
 76019 | Vaults:1 | Killed Frederick
 76826 | Vaults:2 | Noticed Saint Roka
 76879 | Vaults:2 | Killed Saint Roka
 77415 | Vaults:2 | Found a staircase to the Crypt.
 77772 | Vaults:2 | Received a gift from Okawaru
 78405 | Vaults:3 | Noticed Margery
 78449 | Vaults:2 | Killed Margery
 78824 | Vaults:3 | Found a large runed translucent door.
 78824 | Vaults:3 | Noticed Plog's ghost (adept DDFi)
 78825 | Vaults:3 | Found a large runed translucent door.
 78871 | Vaults:3 | Gained mutation: You are somewhat able to resist unholy
                  | torments (1 in 2 success). [demonic ancestry]
 78871 | Vaults:3 | Reached XP level 24. HP: 177/208 MP: 25/25
 78888 | Vaults:3 | Received a gift from Okawaru
 78931 | Vaults:3 | Got a pair of brightly glowing gloves {god gift}
 78932 | Vaults:3 | Identified the +1 pair of gloves of Okawaru {rPois rF-
                  | rN++} (Okawaru gifted it to you on level 3 of the Vaults)
 80571 | Vaults:5 | Entered Level 5 of the Vaults
 80792 | Vaults:5 | Gained mutation: Your system is resistant to poisons.
                  | (rPois) [a shining eye]
 80836 | Vaults:5 | Received a gift from Okawaru
 81012 | Vaults:5 | Noticed an ancient lich
 81026 | Vaults:5 | Killed an ancient lich
 81165 | Vaults:5 | Identified the cursed ring of Lurecibo {+Blink rC- rN+
                  | Str-4 Dex+3}
 81190 | Vaults:5 | Gained mutation: Your melee attacks may debilitate your
                  | foes. [demonic ancestry]
 81190 | Vaults:5 | Reached XP level 25. HP: 214/217 MP: 25/25
 81259 | Vaults:5 | Reached XP level 26. HP: 225/225 MP: 25/25
 81286 | Vaults:5 | Got a blackened plate armour
 81287 | Vaults:5 | Identified the +2 plate armour of Xaxkuxza {*Corrode rElec
                  | Int+6} (You found it on level 5 of the Vaults)
 82010 | Hell     | Entered the Vestibule of Hell
 82011 | Hell     | Noticed Geryon
 82414 | Vaults:5 | Noticed an ancient lich
 82444 | Vaults:4 | Killed an ancient lich
 82870 | Vaults:5 | Received a gift from Okawaru
 83071 | Vaults:5 | Got a silver rune of Zot
 83197 | Vaults:5 | Received a gift from Okawaru
 83240 | Vaults:5 | Received a gift from Okawaru
 83294 | Vaults:5 | Found Haturuf's Food Shoppe.
 83294 | Vaults:5 | Found Mupob's Magic Scroll Boutique.
 83418 | Vaults:5 | Found Goinavio's Magic Scroll Shop.
 83422 | Vaults:5 | Bought a scroll of blinking for 127 gold pieces
 83604 | Vaults:5 | Found Rasuun's Magic Scroll Boutique.
 83944 | Vaults:5 | Got a jade-studded plate armour {god gift}
 83945 | Vaults:5 | Identified the +1 plate armour of Namamab {rN+} (Okawaru
                  | gifted it to you on level 5 of the Vaults)
 84055 | Vaults:2 | Got an iridescent demon whip {god gift}
 84362 | Depths:1 | Killed Fanwaunn's ghost
 84735 | Hell     | Gained mutation: Your spells are a little easier to cast,
                  | but a little less powerful. [a cacodemon]
 84753 | Hell     | Gained mutation: Your spells are easier to cast, but less
                  | powerful. [a cacodemon]
 85853 | Crypt:1  | Entered Level 1 of the Crypt
 86508 | Crypt:2  | Noticed Jory
 86524 | Crypt:2  | Killed Jory
 87131 | Crypt:2  | Got a jewelled dagger
 87212 | Crypt:2  | Reached XP level 27. HP: 235/235 MP: 25/25
 87402 | Crypt:3  | Entered Level 3 of the Crypt
 87487 | Crypt:3  | Received a gift from Okawaru
 87810 | Crypt:3  | Found a basalt altar of Yredelemnul.
 87811 | Crypt:3  | Noticed an ancient lich
 87828 | Crypt:3  | Killed an ancient lich
 88304 | Crypt:3  | Received a gift from Okawaru
 88346 | Crypt:3  | Found a staircase to the Tomb.
 88754 | Tomb:1   | Entered Level 1 of the Tomb of the Ancients
 88841 | Tomb:1   | Found the +8 demon blade "Leech" {vamp, *Rage +Rage rN+}
 89763 | Tomb:1   | Gained mutation: You tend to lose your temper in combat. [a
                  | neqoxec]
 89899 | Tomb:1   | Noticed a greater mummy
 89911 | Tomb:1   | Killed a greater mummy
 90154 | Tomb:1   | Lost mutation: You tend to lose your temper in combat.
                  | [potion of mutation]
 90154 | Tomb:1   | Lost mutation: Your spells are easier to cast, but less
                  | powerful. [potion of mutation]
 90154 | Tomb:1   | Lost mutation: Your spells are a little easier to cast, but
                  | a little less powerful. [potion of mutation]
 90154 | Tomb:1   | Gained mutation: You are resistant to electric shocks.
                  | (rElec) [potion of mutation]
 90154 | Tomb:1   | Lost mutation: You are dopey. (Int -2) [potion of mutation]
 90154 | Tomb:1   | Gained mutation: You are robust. (+10% HP) [potion of
                  | mutation]
 90279 | Tomb:1   | Got the ring "Naosh" {rC+ rN+ SInv}
 91107 | Slime:1  | Gained mutation: You are dopey. (Int -2) [a shining eye]
 91109 | Slime:1  | Lost mutation: You are robust. (+10% HP) [a shining eye]
 91681 | Slime:2  | You fall into a shaft and drop 1 floor!
 91689 | Slime:3  | Gained mutation: You are very dopey. (Int -4) [a shining
                  | eye]
 91695 | Slime:3  | Gained mutation: You are occasionally teleported next to
                  | monsters. [a shining eye]
 91713 | Slime:3  | Lost mutation: You are agile. (Dex +2) [a shining eye]
 91719 | Slime:3  | Gained mutation: You occasionally shout uncontrollably at
                  | your foes. [a shining eye]
 91725 | Slime:3  | Gained mutation: You have a pair of small antennae on your
                  | head. [a shining eye]
 91727 | Slime:3  | Gained mutation: You tend to lose your temper in combat. [a
                  | shining eye]
 91733 | Slime:3  | Lost mutation: You occasionally shout uncontrollably at
                  | your foes. [a shining eye]
 92540 | Slime:3  | Gained mutation: You are frail. (-10% HP) [a shining eye]
 92543 | Slime:3  | Gained mutation: Potions are less effective at restoring
                  | your health. [a shining eye]
 92546 | Slime:3  | Gained mutation: Your body sometimes deteriorates upon
                  | taking damage. [a shining eye]
 92548 | Slime:3  | Gained mutation: You are weak. (Str -2) [a shining eye]
 92901 | Slime:4  | Gained mutation: Scrolls take you a little longer to read.
                  | [a shining eye]
 93300 | Slime:5  | Entered Level 5 of the Pits of Slime
 93319 | Slime:5  | Received a gift from Okawaru
 93341 | Slime:5  | Paralysed by a floating eye for 3 turns
 93344 | Slime:5  | Got a crude scimitar {god gift}
 93351 | Slime:5  | Identified the +6 scimitar of Intimidation {antimagic,
                  | Str+2} (Okawaru gifted it to you on level 5 of the Pits of
                  | Slime)
 93376 | Slime:5  | Noticed the Royal Jelly
 93418 | Slime:4  | HP: 8/213 [acid blob/splash of acid[the Royal Jelly] (5)]
 93418 | Slime:4  | Splashed by an acid blob's acid

Illustrated notes

Levels and vault maps discovered:
D:1:      shiori_arrival_whats_in_store_for_you, layout_loops_ring,
          amethyst_killhole
D:2:      layout_loops_ring, lemuel_round_altar
D:3:      layout_rooms, lemuel_doored_altar
D:4:      layout_rooms, kennysheep_okawaru_gauntlet, tso_oasis_becter,
          gup_sewer_entry_spiral, serial_shops, shop
D:5:      layout_cave_pools, first_ration, serial_shops, shop
D:6:      layout_basic, old_standard_altar, eat_drink_and_be_merry_uskayaw,
          serial_shops, nicolae_shop_trees, uniq_duvessa
D:7:      gammafunk_cloud_chamber, layout_basic,
          minmay_temple_entry_proselytizer
D:8:      layout_gridville, chequers_temple_overflow_minitemple, serial_shops,
          nicolae_shop_statue_plus
D:9:      layout_basic, serial_shops, shop_coins, grunt_livestock, minivault_16
D:10:     layout_loops_cross, minmay_lair_entry_lava,
          gammafunk_ghost_necromancy, minmay_guarded_unrand_resistance
D:11:     layout_rooms, orc_0_dummy
D:12:     layout_loops_ring, serial_shops, shop, minmay_st_funbox, uniq_psyche,
          uniq_snorg, uniq_azrael
D:13:     layout_grid_maze, uniq_josephine
D:14:     layout_irregular_city, lightli_vaults_fourway_checkpoint
D:15:     hangedman_spin_cycle, serial_shops
Lair:1:   layout_chaotic_city, serial_bayou_shore_b
Lair:2:   layout_gridlike, gammafunk_ghost_wrathful_warriors, basic_altar,
          lemuel_old_faithful, uniq_nergalle, uniq_harold, uniq_fannar
Lair:3:   layout_loops_ring, elwin_shoals_entry_rocks,
          portal_ice_cave_entry_imps, maelrawn_ghost_gauntlet_escape,
          cheibrodos_lair_reptile_den
Lair:4:   layout_regular_city, nicolae_spider_entry_tight_spaces,
          grunt_megastairs_4
Lair:5:   layout_cave_pods, slime_dummy, ebering_ghost_rock_garden
Lair:6:   guppyfry_lair_end_dragon, layout_regular_city,
          hangedman_lair_tendril_chambers, st_stairs_3
Shoals:1: layout_shoals, gammafunk_ghost_arena, serial_shops,
          nicolae_shop_overgrown_old_shop, nicolae_shoals_seven_spires
Shoals:2: layout_shoals
Shoals:3: layout_shoals, serial_shops, shop, nicolae_shop_behind_doors,
          nicolae_shop_window_shopping, nicolae_shoals_dead_sea_scrolls,
          uniq_donald
Shoals:4: shoals_end_grunt_ice, layout_shoals, shoal_ilsuiw
Spider:1: layout_spider_delve
Spider:2: layout_spider_delve, zaba_anthell
Spider:3: layout_spider_delve, uniq_aizul, uniq_kirke
Spider:4: grunt_spider_rune_parallel, uniq_agnes, uniq_mara, uniq_arachne,
          uniq_bai_suzhen
Slime:1:  layout_caves, cheibrodos_slime_lost_civilization_5
Slime:2:  layout_caves
Slime:3:  layout_caves
Slime:4:  layout_caves
Slime:5
Orc:1:    layout_caves, basic_altar, hangedman_minor_magic
Orc:2:    st_orc_mages, layout_caves, uniq_nessos
Elf:1:    eino_elf_arrival_the_gate, layout_loops_ring, basic_altar,
          kennysheep_underground_church, uniq_roxanne
Elf:2:    layout_gridlike, grunt_ministairs_11, minmay_shop_star
Elf:3:    elf_hall, layout_geoelf_castle, uniq_louise
Vaults:1: nicolae_vaults_diagonal_hallway_7, nicolae_vaults_theta,
          grunt_vaults_hallway_long, ontoclasm_vaults_bender,
          hangedman_vaults_snaps, ontoclasm_vaults_spin, v_misc_14,
          nicolae_vaults_little_squares_3, vaults_room_stairs_pillars,
          sword_in_stone, layout_vaults_chaotic_city
Vaults:2: nicolae_vaults_network_barrier, vaults_room_grid,
          nicolae_vaults_specimen_jars, blue_anna_dwarven_crypt,
          vaults_room_corners, vaults_dpeg_ring, nicolae_vaults_asterisk,
          dpeg_vaults_monster_box, layout_vaults_omnigrid, uniq_saint_roka
Vaults:3: advil_vaults_ghost_guards, hangedman_vaults_hat, vaults_room_fours,
          vaults_mumra_minichess_inversion, nicolae_vaults_bisected_slash,
          v_rooms_6, v_alt_pattern_1, ontoclasm_vaults_shuriken,
          grunt_vaults_focal, v_misc_11, layout_vaults_omnibox, uniq_margery
Vaults:4: hangedman_vaults_unwind, v_misc_10, nicolae_vaults_network_s,
          v_misc_25, nicolae_vaults_mini_display_case, grunt_vaults_diagonal,
          ontoclasm_vaults_twist, st_hourglassy, ontoclasm_vaults_idyll,
          nicolae_vaults_yaktaur_gun_rack, nicolae_vaults_shelves_hall,
          nicolae_vaults_asterisk, layout_vaults_ring
Vaults:5: serial_shops
Crypt:1:  layout_rooms, item_on_display_a, grunt_crypt_arrival_webbed
Crypt:2:  layout_misc_corridors, uniq_jory
Crypt:3:  cryptofortress_bobbens
Tomb:1
Depths:1: layout_gridville, enter_ziggurat_f, rand_demon_pan_entry_5,
          ebering_ghost_xom, kennysheep_cross_room, hell_entry, serial_shops,
          kennysheep_mini, grunt_decor_mini_mirrors, guppyfry_shop_blood
Depths:2: minmay_strange_plus, layout_basic, hangedman_tar_grid_catacomb,
          chequers_serial_rivers_micro_a, abyss_entry, serial_shops, shop
Depths:3: cheibrodos_tormentor_scu, layout_gridlike, kennysheep_donut,
          hell_entry, pan_entry, nrook_loot_triangle, serial_bayou_pond_c,
          minmay_shoptagon
Depths:4: minmay_the_grid_plus [minmay_the_grid_small_cups,
          minmay_the_grid_square_x, minmay_the_grid_spin_star,
          minmay_the_grid_spikes, minmay_the_grid_prize_inner_circle],
          layout_gridville, chequers_serial_rivers_micro_c,
          abyss_entry_small_statue_room, hell_entry,
          serial_sigils_hangedman_scar, lemuel_nasty_fountain,
          serial_bayou_shore_a, uniq_mennas
Depths:5: evilmike_zot_entry_gauntlet, layout_long_grid, hell_entry,
          abyss_entry, hangedman_abyss_or_decor_stagger, feat_on_display
Hell

Skill      XL: |  1  2  3  4  5  6  7  8  9 10 11 12 13 14 15 16 17 18 19 20 21 22 23 24 25 26 27 |
---------------+----------------------------------------------------------------------------------+-----
Throwing       | 2 3 4 |  4.5
Dodging        | 3 4 5 6 7 8 9 10 11 13 15 16 17 18 19 | 19.3
Long Blades    | 3 4 5 7 9 10 12 13 15 16 17 18 19 20 21 22 23 | 23.9
Armour         | 1 2 3 4 5 6 8 9 10 11 12 13 14 15 16 17 18 19 20 21 22 | 22.5
Fighting       | 3 4 5 6 7 9 10 11 12 13 14 15 16 18 19 20 21 22 23 | 23.9
Shields        | 1 7 10 12 13 15 | 15.0

Action                   |  1- 3 |  4- 6 |  7- 9 | 10-12 | 13-15 | 16-18 | 19-21 | 22-24 | 25-27 || total
-------------------------+-------+-------+-------+-------+-------+-------+-------+-------+-------++-------
Melee: Long sword        |    78 |   154 |   489 |   259 |       |       |   423 |  2804 |  1925 ||  6132
       Kick              |    23 |    83 |   180 |   352 |   452 |   602 |   849 |  1740 |  1392 ||  5673
       Short sword       |       |       |       |    52 |       |       |       |       |       ||    52
       Great sword       |       |       |       |   557 |   175 |       |       |       |       ||   732
       Triple sword      |       |       |       |       |   961 |     1 |       |       |       ||   962
       Double sword      |       |       |       |       |    21 |  1780 |   902 |       |       ||  2703
Throw: Throwing net      |       |     2 |       |       |       |       |       |       |       ||     2
       Javelin           |       |       |       |     7 |     3 |       |       |       |       ||    10
       Boomerang         |       |       |       |       |       |     2 |       |     6 |       ||     8
Invok: Heroism           |       |       |       |     5 |     2 |       |       |       |     1 ||     8
       Finesse           |       |       |       |     1 |       |       |       |       |     1 ||     2
Evoke: Wand              |       |       |       |     3 |       |     3 |     2 |     1 |       ||     9
       Phial of floods   |       |       |       |       |     2 |     1 |       |       |       ||     3
       Tin of tremorston |       |       |       |       |       |       |       |     1 |       ||     1
  Use: Scroll            |       |       |     7 |    14 |     8 |    22 |     4 |     4 |     9 ||    68
       Potion            |       |       |       |     5 |     5 |     5 |     2 |     1 |     5 ||    23
 Stab: Sleeping          |     1 |     2 |       |       |       |       |       |       |       ||     3
       Held in net/web   |       |     2 |       |       |       |       |       |       |       ||     2
  Eat: Ration            |       |     2 |     7 |    10 |    16 |    14 |    11 |    10 |    11 ||    81
Armor: Leather armour    |    20 |    27 |    19 |       |       |       |       |       |       ||    66
       Chain mail        |       |       |    66 |       |       |       |       |       |       ||    66
       Plate armour      |       |       |   112 |   745 |   175 |       |       |       |       ||  1032
       Ice dragon scales |       |       |       |       |    39 |       |       |       |       ||    39
       Crystal plate arm |       |       |       |       |   677 |  1093 |   476 |   774 |   640 ||  3660
       Troll leather arm |       |       |       |       |     3 |       |       |       |       ||     3
Dodge: Dodged            |    63 |   177 |   393 |   640 |   711 |   353 |   410 |  1041 |   957 ||  4745
Block: Other             |       |       |       |   131 |   238 |       |       |       |       ||   369
       Kite shield       |       |       |       |       |     5 |  1478 |  1172 |  3304 |  2349 ||  8308
       Rpst.: Long sword |    19 |    52 |   121 |    58 |       |       |    29 |   181 |   187 ||   647
       Great sword       |       |       |       |   115 |    25 |       |       |       |       ||   140
       Triple sword      |       |       |       |       |   162 |       |       |       |       ||   162
       Double sword      |       |       |       |       |     1 |    59 |    43 |       |       ||   103

Table legend:
 A = Non-vault XP
 B = Vault XP
 C = Vault XP percentage of total XP
 D = Non-vault monster count
 E = Vault monster count
 F = Vault count percentage of total count
                 A         B        C        D         E       F
            +---------+---------+-------+---------+---------+-------
      Total |  788309 |  735835 |  48.3 |    1602 |     977 |  37.9
            +---------+---------+-------+---------+---------+-------
        D:1 |      38 |       0 |   0.0 |      23 |       0 |   0.0
        D:2 |      91 |       0 |   0.0 |      22 |       0 |   0.0
        D:3 |     190 |       0 |   0.0 |       9 |       0 |   0.0
        D:4 |     393 |     233 |  37.2 |      18 |       8 |  30.8
        D:5 |     478 |       0 |   0.0 |      10 |       0 |   0.0
        D:6 |    1699 |       0 |   0.0 |      22 |       0 |   0.0
        D:7 |     623 |     763 |  55.1 |      19 |       5 |  20.8
        D:8 |     781 |       0 |   0.0 |      16 |       0 |   0.0
        D:9 |    1700 |    1595 |  48.4 |      25 |       6 |  19.4
       D:10 |    5234 |    6830 |  56.6 |      41 |      11 |  21.2
       D:11 |    2876 |       0 |   0.0 |      33 |       0 |   0.0
       D:12 |    2874 |    7365 |  71.9 |      20 |      19 |  48.7
       D:13 |    8732 |    1959 |  18.3 |      35 |       5 |  12.5
       D:14 |    8571 |    6566 |  43.4 |      32 |      12 |  27.3
       D:15 |       0 |   34574 | 100.0 |       0 |      64 | 100.0
     Lair:1 |    7680 |       0 |   0.0 |      38 |       0 |   0.0
     Lair:2 |    4626 |    5814 |  55.7 |      19 |      11 |  36.7
     Lair:3 |    6696 |    3223 |  32.5 |      24 |      22 |  47.8
     Lair:4 |    3540 |    2086 |  37.1 |      15 |       8 |  34.8
     Lair:5 |    4352 |    1053 |  19.5 |      22 |       1 |   4.3
     Lair:6 |    9316 |   13616 |  59.4 |      27 |      52 |  65.8
   Shoals:1 |   12421 |    7574 |  37.9 |      25 |      10 |  28.6
   Shoals:2 |   16748 |       0 |   0.0 |      34 |       0 |   0.0
   Shoals:3 |   21120 |    1831 |   8.0 |      46 |       1 |   2.1
   Shoals:4 |   16280 |   28038 |  63.3 |      37 |      36 |  49.3
   Spider:1 |   12584 |    1790 |  12.5 |      29 |       1 |   3.3
   Spider:2 |   19889 |    7233 |  26.7 |      57 |      44 |  43.6
   Spider:3 |    9741 |   21060 |  68.4 |      30 |      16 |  34.8
   Spider:4 |   11037 |   27765 |  71.6 |      30 |      45 |  60.0
    Slime:1 |   17820 |       0 |   0.0 |      34 |       0 |   0.0
    Slime:2 |    9987 |       0 |   0.0 |      14 |       0 |   0.0
    Slime:3 |   27646 |       0 |   0.0 |      40 |       0 |   0.0
    Slime:4 |    9535 |       0 |   0.0 |      16 |       0 |   0.0
    Slime:5 |    7133 |    2690 |  27.4 |       5 |       2 |  28.6
      Orc:1 |    7044 |    1499 |  17.5 |      48 |      18 |  27.3
      Orc:2 |    3154 |    5035 |  61.5 |      13 |      43 |  76.8
      Elf:1 |   22366 |    7601 |  25.4 |      37 |      13 |  26.0
      Elf:2 |   31900 |   20844 |  39.5 |      48 |      28 |  36.8
      Elf:3 |   17319 |   51820 |  75.0 |      30 |      35 |  53.8
   Vaults:1 |   33088 |   15522 |  31.9 |      53 |      14 |  20.9
   Vaults:2 |   18506 |   28388 |  60.5 |      37 |      42 |  53.2
   Vaults:3 |   29502 |   22370 |  43.1 |      42 |      34 |  44.7
   Vaults:4 |   30515 |   54989 |  64.3 |      54 |      51 |  48.6
   Vaults:5 |   40004 |  122501 |  75.4 |      73 |      66 |  47.5
    Crypt:1 |   38191 |       0 |   0.0 |      51 |       0 |   0.0
    Crypt:2 |   12804 |    3849 |  23.1 |      21 |       1 |   4.5
    Crypt:3 |       0 |   63801 | 100.0 |       0 |      81 | 100.0
     Tomb:1 |    6426 |   47665 |  88.1 |      17 |      53 |  75.7
   Depths:1 |   47812 |   27503 |  36.5 |      57 |      20 |  26.0
   Depths:2 |   39456 |    5056 |  11.4 |      44 |       3 |   6.4
   Depths:3 |   60337 |   19530 |  24.5 |      60 |      11 |  15.5
   Depths:4 |   22829 |   16769 |  42.3 |      21 |      14 |  40.0
   Depths:5 |   63456 |   23622 |  27.1 |      27 |      20 |  42.6
       Hell |    1169 |    4202 |  78.2 |       2 |       9 |  81.8
      Sewer |       0 |     144 | 100.0 |       0 |       6 | 100.0
      IceCv |       0 |    9467 | 100.0 |       0 |      36 | 100.0
            +---------+---------+-------+---------+---------+-------
